 Dungeon Crawl Stone Soup version 0.20.1-1-g8b1a95d (webtiles) character file.

42 vatarom the Insei (level 3, -1/27 HPs)
             Began as a Demonspawn Transmuter on Oct 11, 2017.
             Slain by a worm (11 damage)
             ... on level 2 of the Dungeon.
             The game lasted 00:04:29 (1615 turns).

vatarom the Insei (Demonspawn Transmuter)           Turns: 1615, Time: 00:04:29

Health: -1/27      AC:  2    Str: 11    XL:     3   Next: 35%
Magic:  3/6        EV: 12    Int: 14    God:
Gold:   55         SH:  0    Dex: 13    Spells: 3/6 levels left

rFire    . . .     SeeInvis .     - Unarmed
rCold    . . .     Gourm    .   (no shield)
rNeg     . . .     Faith    .   b - +0 robe
rPois    .         Spirit   .   (no helmet)
rElec    .         Reflect  .   (no cloak)
rCorr    .         Harm     .   (no gloves)
MR       .....                  (no boots)
Stlth    ++........             (no amulet)
Regen    0.1/turn               j - ring of flight
MPRegen  0.1/turn               (no ring)

@: appendage (expiring)
A: horns 2, nightstalker 1
a: End Transformation, Evoke Flight


You were on level 2 of the Dungeon.
You were not hungry.
You had grown temporary horns.
You visited 1 branch of the dungeon, and saw 2 of its levels.

You collected 55 gold pieces.

Inventory:

Missiles
 a - 26 arrows
Armour
 b - a +0 robe (worn)
Jewellery
 j - a ring of flight (left hand)
Scrolls
 h - 2 scrolls of remove curse
Books
 c - a book of Changes

   Spells                             Type                      Level
   a - Beastly Appendage              Transmutation                1
   b - Sticks to Snakes               Transmutation                2
   c - Spider Form                    Transmutation/Poison         3
   d - Ice Form                       Ice/Transmutation            4
   e - Blade Hands                    Transmutation                5
Comestibles
 d - a bread ration
 g - a meat ration


   Skills:
 + Level 1.7 Fighting
 - Level 1.7 Dodging
 * Level 3.3 Unarmed Combat
 + Level 2.2 Spellcasting
 + Level 2.2 Transmutations


You had 3 spell levels left.
You knew the following spells:

 Your Spells              Type           Power        Failure   Level  Hunger
a - Beastly Appendage     Tmut           #.....       10%         1    #......
b - Sticks to Snakes      Tmut           #.......     14%         2    ###....


Dungeon Overview and Level Annotations

Branches:
Dungeon (2/15)

Altars:
Ashenzari


Innate Abilities, Weirdness & Mutations

You are slightly more attuned to the shadows.
You have a pair of horns on your head.


Message History

Casting: Beastly Appendage
Confirm with . or Enter, or press ? or * to list all spells.
You grow a pair of large bovine horns.
The worm bites you.
You hit the worm.
The worm is lightly wounded.
The worm barely misses you.
You hit the worm.
The worm is moderately wounded.
You hit the worm but do no damage.
The worm is moderately wounded.
The worm bites you!
You hit the worm.
The worm is heavily wounded.
Casting: Beastly Appendage
Confirm with . or Enter, or press ? or * to list all spells.
You create a snake!
You now have 26 arrows.
Your transformation is almost over.
The worm bites you!
You die...

#.............#....†#####.#
#.#####.........###S..)....
#....#.........#..K.#...#.#
###..#⌠.##+##.⌠#..###...# .
#..###....#.##..###...#..
#.....#.........'.+...'.
#.##).#.........###...#..
#.###..#.##.....###...#..
#.# #.S.@w...............
#.#####.######'#.........
#.......# #.#.......##
#######.# #.#.......# #.#
#.#......... #.#
#.#######.## #########.#
#.# .# #.<.......# #.#
###########


You could see a worm and a friendly ball python.

Vanquished Creatures
  An adder (D:2)
  2 worms (D:2)
  A dart slug (D:1)
  2 leopard geckos (D:1)
  5 giant cockroaches
  2 goblins (D:1)
  A hobgoblin (D:1)
  A jackal (D:2)
  5 kobolds
  2 frilled lizards (D:1)
  2 rats
24 creatures vanquished.

Vanquished Creatures (collateral kills)
  A frilled lizard (D:2)
1 creature vanquished.

Grand Total: 25 creatures vanquished

Notes
Turn   | Place    | Note
-------+----------+-------------------------------------------
     0 | D:1      | vatarom the Demonspawn Transmuter began the quest for the Orb.
     0 | D:1      | Reached XP level 1. HP: 15/15 MP: 3/3
   141 | D:1      | Gained mutation: You are slightly more attuned to the shadows. [demonic ancestry]
   141 | D:1      | Reached XP level 2. HP: 15/21 MP: 3/5
   546 | D:1      | Reached skill level 3 in Unarmed Combat
   552 | D:1      | Learned a level 2 spell: Sticks to Snakes
   933 | D:2      | Found a shattered altar of Ashenzari.
   963 | D:2      | Reached XP level 3. HP: 16/26 MP: 2/6
  1615 | D:2      | Slain by a worm

Skill      XL: |  1  2 |
---------------+-------+-----
Transmutations | 2 |  2.2
Unarmed Combat | 3 |  3.3
Fighting       | |  1.7
Dodging        | |  1.7
Spellcasting   | |  2.2

Action                   || total
-------------------------++-------
Melee: Unarmed           ||   111
       Kick              ||     5
       Headbutt          ||     8
       Punch             ||     1
 Cast: Beastly Appendage ||    20
       Sticks to Snakes  ||     8
  Use: Scroll            ||     4
       Potion            ||     3
 Stab: Sleeping          ||     3
  Eat: Chunk             ||     3
Armor: Robe              ||    11
Dodge: Dodged            ||    62
